 Dungeon Crawl Stone Soup version 0.21.1-1-g345015fe64 (webtiles) character file.

3716 Lentor the Carver (level 9, -10/81 HPs)
             Began as a Minotaur Berserker on June 20, 2018.
             Was a High Priest of Trog.
             Mangled by an orc warrior
             ... wielding a +0 glaive
              (16 damage)
             ... on level 9 of the Dungeon.
             The game lasted 00:14:34 (7135 turns).

Lentor the Carver (Minotaur Berserker)              Turns: 7135, Time: 00:14:35

Health: -10/81     AC: 14    Str: 30    XL:     9   Next: 91%
Magic:  4/8        EV:  7    Int:  2    God:    Trog [*****.]
Gold:   621        SH: 10    Dex: 10    Spells: 8/8 levels left

rFire    . . .     SeeInvis .   h - +4 long sword (pain)
rCold    . . .     Gourm    .   a - +0 shield
rNeg     + . .     Faith    .   B - +0 plate armour
rPois    .         Spirit   .   (helmet restricted)
rElec    +         Reflect  .   (no cloak)
rCorr    .         Harm     .   C - +0 pair of gloves
MR       .....                  (no boots)
Stlth    ..........             o - amulet of regeneration
HPRegen  0.63/turn              i - ring of Maara {rElec rN+ Int-2 Stlth+}
MPRegen  0.11/turn              y - +5 ring of strength

@: berserk cooldown, slowed, very slow
A: retaliatory headbutt, horns 2
a: Berserk, Trog's Hand, Brothers in Arms, Burn Spellbooks, Renounce Religion


You were on level 9 of the Dungeon.
You worshipped Trog.
Trog was extremely pleased with you.
You were very hungry.

You visited 2 branches of the dungeon, and saw 10 of its levels.
You also visited: Ossuary.

You collected 621 gold pieces.

Inventory:

Hand Weapons
 h - a +4 long sword of pain (weapon)
Armour
 a - a +0 shield (worn)
 B - a +0 plate armour (worn)
 C - a +0 pair of gloves (worn)
Jewellery
 i - the ring of Maara (left hand) {rElec rN+ Int-2 Stlth+}
   (You took it off an orc on level 5 of the Dungeon)

   [ring of stealth]

   It affects your intelligence (-2).
   It insulates you from electricity.
   It protects you from negative energy.
   It makes you more stealthy.
 o - an amulet of regeneration (around neck)
 t - an uncursed ring of ice {unknown}
 y - a +5 ring of strength (right hand)
Wands
 b - a wand of polymorph (10)
 j - a wand of random effects (46)
 p - a wand of flame (21)
 r - a wand of acid (17)
Scrolls
 d - 3 scrolls of fog
 e - 3 scrolls of teleportation
 f - a scroll of fear
 l - a scroll of remove curse
 m - 2 scrolls of blinking
 q - a scroll of amnesia {unknown}
 w - a scroll of enchant weapon
 x - 4 scrolls of identify
 z - a scroll of brand weapon {unknown}
Potions
 g - a potion of lignification
 n - 2 potions of flight {unknown}
 u - 2 potions of mutation {unknown}
 v - 3 potions of ambrosia {unknown}
 A - 2 potions of agility {unknown}
Miscellaneous
 s - a lamp of fire
Comestibles
 c - 8 rations


   Skills:
 + Level 8.2 Fighting
 + Level 11.8 Long Blades
 + Level 6.7 Armour
 + Level 5.3 Dodging
 + Level 2.4 Stealth
 + Level 4.3 Shields
 + Level 0.5 Evocations


You had 8 spell levels left.
You didn't know any spells.

Dungeon Overview and Level Annotations

Branches:
Dungeon (9/15)             Temple (1/1) D:4
   Lair: D:8-11         Orc: D:9-12

Altars:
Ashenzari
Cheibriados
Dithmenos
Elyvilon
Fedhas
Gozag
Hepliaklqana
Kikubaaqudgha
Makhleb
Nemelex Xobeh
Okawaru
Qazlal
Ru
Sif Muna
Trog
Uskayaw
Vehumet
Xom
Zin
The Shining One

Shops:
D:9 :


Innate Abilities, Weirdness & Mutations

You reflexively headbutt those who attack you in melee.
You have a pair of horns on your head.


Message History

an enchanted mace; 2 arrows; an orc corpse You closely miss the deep elf mage.
The deep elf mage is almost dead.
You feel sick. You block the orc warrior's attack.
You block the deep elf mage's attack.
You slash the deep elf mage!
You kill the deep elf mage!
Trog accepts your kill.
Trog appreciates your killing of a magic user.
Your Shields skill increases to level 4!
You feel sick.
The orc warrior hits you from afar with a glaive!
* * * LOW HITPOINT WARNING * * *
Okay, then.
You feel better.
The orc warrior hits you from afar with a glaive.
* * * LOW HITPOINT WARNING * * *
An orc comes into view. It is wielding a flail.
The orc warrior hits you from afar with a glaive!
You die...

##### ##### #... ...#####
########(########.#≈≈≈##
#.......))@((.....≈≈≈≈≈####
#.....)..o##†#.....≈≈∩≈≈....
.........)...#.....≈≈.≈≈####
#.....#..#.#.###...#≈.≈##
##.#o.##...#.......##..# #
#.. #.#.###.##..###.# #.
.o.#.........###.# ..
.#.###....#......#
....###.###..#####


You could see an orc warrior and an orc (wandering).

Vanquished Creatures
  A deep elf mage (D:9)
  A hippogriff (D:6)
  Menkaure (D:7)
  Edmund (D:4)
  An ice beast (D:5)
  An eye of draining (D:9)
  A black bear (D:6)
  A sky beast (D:5)
  A necrophage (D:7)
  2 ogres
  2 centaurs
  A big kobold (D:7)
  3 bullfrogs
  3 elf zombies (Ossuary)
  A gnoll sergeant (D:5)
  4 killer bees (D:9)
  3 wights (D:6)
  2 howler monkeys
  A crimson imp (D:7)
  An orc priest (D:7)
  2 jellies
  A centaur skeleton (D:5)
  9 hounds
  An iguana (D:7)
  Natasha (thrice) (D:3)
  4 orc wizards
  6 worker ants
  2 big kobold zombies (Ossuary)
  A hound skeleton (D:6)
  4 mummies (Ossuary)
  8 gnolls
  10 adders
  2 shadow imps (D:5)
  4 oozes
  3 adder zombies (Ossuary)
  An adder skeleton (D:4)
  4 worms
  A dart slug (D:1)
  3 leopard geckos
  34 orcs
  A ball python (D:2)
  3 giant cockroaches
  4 goblins
  6 hobgoblins
  8 jackals
  13 kobolds
  2 quokkas (D:6)
  5 bats
  3 frilled lizards
  2 gnoll zombies (Ossuary)
  A hobgoblin zombie (Ossuary)
  A jackal skeleton (D:6)
  A jackal zombie (Ossuary)
  4 rats
189 creatures vanquished.

Vanquished Creatures (others)
  A centaur (D:9)
1 creature vanquished.

Grand Total: 190 creatures vanquished

Notes
Turn   | Place    | Note
-------+----------+-------------------------------------------
     0 | D:1      | Lentor the Minotaur Berserker began the quest for the Orb.
     0 | D:1      | Reached XP level 1. HP: 19/19 MP: 0/0
   229 | D:1      | Reached XP level 2. HP: 26/27 MP: 1/1
   239 | D:1      | Reached skill level 4 in Long Blades
   879 | D:2      | Found a shimmering altar of Xom.
   942 | D:2      | You fall through a shaft!
   942 | D:3      | Noticed Natasha
   946 | D:3      | Killed Natasha
   946 | D:3      | Reached XP level 3. HP: 28/33 MP: 2/2
   959 | D:3      | Reached skill level 5 in Long Blades
  1040 | D:3      | Reached XP level 4. HP: 19/40 MP: 3/3
  1521 | D:2      | Reached ** piety under Trog
  1810 | D:2      | Found an ancient bone altar of Kikubaaqudgha.
  1865 | D:2      | Found a shadowy altar of Dithmenos.
  2201 | D:3      | Found a glowing golden altar of the Shining One.
  2216 | D:3      | Noticed Natasha
  2219 | D:3      | Killed Natasha
  2219 | D:3      | Reached XP level 5. HP: 47/47 MP: 4/4
  2229 | D:3      | Noticed Natasha
  2237 | D:3      | Killed Natasha
  2237 | D:3      | Reached skill level 6 in Long Blades
  2554 | D:4      | Found a sand-covered staircase.
  2563 | Ossuary  | Entered an ossuary
  2580 | Ossuary  | Reached skill level 5 in Fighting
  2580 | Ossuary  | Reached XP level 6. HP: 54/56 MP: 5/5
  2593 | Ossuary  | Reached skill level 7 in Long Blades
  3060 | D:4      | Reached XP level 7. HP: 32/61 MP: 6/6
  3362 | D:4      | Found a staircase to the Ecumenical Temple.
  3377 | D:4      | Reached *** piety under Trog
  3440 | D:4      | Found a burning altar of Makhleb.
  3458 | D:4      | Noticed Edmund
  3467 | D:4      | Killed Edmund
  3467 | D:4      | Reached skill level 8 in Long Blades
  3892 | D:4      | Found a radiant altar of Vehumet.
  3993 | D:5      | Entered Level 5 of the Dungeon
  4019 | D:5      | Reached skill level 1 in Stealth
  4203 | D:5      | Found a sparkling altar of Nemelex Xobeh.
  4238 | D:5      | Reached XP level 8. HP: 67/70 MP: 7/7
  4255 | D:5      | Reached skill level 9 in Long Blades
  4344 | D:5      | Reached skill level 5 in Armour
  4353 | D:5      | Got a brightly glowing pewter ring
  4441 | Temple   | Entered the Ecumenical Temple
  4816 | D:5      | Found an iron altar of Okawaru.
  4907 | D:6      | Reached **** piety under Trog
  4939 | D:6      | Identified the ring of Maara {rElec rN+ Int-2 Stlth+} (You took it off an orc on level 5 of the Dungeon)
  4940 | D:6      | Noticed a hippogriff
  4952 | D:6      | Killed a hippogriff
  4952 | D:6      | Reached skill level 1 in Shields
  5119 | D:6      | Reached skill level 10 in Long Blades
  5409 | D:6      | Reached XP level 9. HP: 79/79 MP: 8/8
  5491 | D:6      | Found the +6 lightning scales {run, rElec}
  5653 | D:6      | Got a slimy dagger
  5654 | D:6      | Identified the +9 dagger "Ithunuepp" {freeze, +Rage rPois} (You found it on level 6 of the Dungeon)
  5702 | D:7      | Reached skill level 5 in Dodging
  5771 | D:7      | Found an opulent altar of Gozag.
  6123 | D:7      | Noticed Menkaure
  6129 | D:7      | Killed Menkaure
  6133 | D:7      | Reached ***** piety under Trog
  6133 | D:7      | Reached skill level 11 in Long Blades
  6424 | D:7      | Found a stormy altar of Qazlal.
  7070 | D:9      | Found Busanur's Book Shoppe.
  7095 | D:9      | Noticed a deep elf mage
  7133 | D:9      | Killed a deep elf mage
  7133 | D:9      | HP: 1/80 [orc warrior/glaive (7)]
  7135 | D:9      | Mangled by an orc warrior

Skill      XL: |  1  2  3  4  5  6  7  8  9 |
---------------+----------------------------+-----
Fighting       | 4 5 6 7 8 |  8.2
Long Blades    | 4 5 6 7 8 10 11 | 11.8
Armour         | 3 4 5 6 |  6.7
Dodging        | 3 4 5 |  5.3
Stealth        | 1 2 |  2.4
Shields        | 2 4 |  4.3
Evocations     | |  0.5

Action                   |  1- 3 |  4- 6 |  7- 9 || total
-------------------------+-------+-------+-------++-------
Melee: Falchion          |    57 |   102 |     2 ||   161
       Headbutt          |     9 |    25 |    49 ||    83
       Long sword        |       |       |   253 ||   253
Invok: Berserk           |       |     1 |     4 ||     5
       Burn Spellbooks   |       |       |     1 ||     1
Evoke: Wand              |       |     2 |       ||     2
       Lamp of fire      |       |       |     1 ||     1
  Use: Scroll            |       |     5 |    13 ||    18
       Potion            |       |       |     1 ||     1
 Stab: Sleeping          |       |       |     3 ||     3
       Distracted        |       |       |     1 ||     1
  Eat: Chunk             |       |     5 |     8 ||    13
       Ration            |       |     1 |     2 ||     3
Armor: Animal skin       |    13 |     5 |       ||    18
       Leather armour    |       |    19 |     3 ||    22
       Ring mail         |       |       |    80 ||    80
       Plate armour      |       |       |    30 ||    30
Dodge: Dodged            |    32 |    67 |    94 ||   193
Block: Shield            |       |       |   102 ||   102
       Rpst.: Falchion   |    11 |    17 |     1 ||    29
       Long sword        |       |       |    29 ||    29
